 Dungeon Crawl Stone Soup version 0.31.0-12-g77e489cdc1 (webtiles) character file.

Game seed: 16322258388629351215

13066 Aldia the Envoy of Void (level 12, -13/81 HPs)
             Began as an Octopode Alchemist on Feb 12, 2024.
             Was a High Priest of Lugonu.
             Killed by divine providence
             ... invoked by an orc priest
              (17 damage)
             ... on level 2 of the Orcish Mines.
             The game lasted 00:35:42 (13430 turns).

Aldia the Envoy of Void (Octopode Alchemist)       Turns: 13430, Time: 00:35:43

Health: -13/81     AC:  5    Str:  8    XL:     12   Next: 2%
Magic:  27/33      EV: 22    Int: 25    God:    Lugonu [*****.]
Gold:   451        SH:  0    Dex: 20    Spells: 9/27 levels left

rFire   . . .        v - +7 long sword of Sighetau {spect, Int+3}
rCold   . . .        (no shield)
rNeg    + . .        (helmet currently unavailable)
rPois   +            (no amulet)
rElec   .            d - +4 ring of protection
rCorr   +            y - ring of positive energy
SInv    .            E - ring of resist corrosion
Will    .....        u - ring of magical power
Stlth   +++++        F - +5 ring of evasion
HPRegen 0.33/turn    L - +6 ring of dexterity
MPRegen 0.23/turn    Q - ring of Zeilos {rPois Dex+2 Stlth+}
                     (no ring)

%: no passive effects
@: beast-form
A: beast (slay +0), almost no armour, amphibious, 8 rings, camouflage 1,
gelatinous body 1, (nimble swimmer 1), tentacles
a: Begin Untransformation, Renounce Religion, Depart the Abyss, Banish, Corrupt,
Enter the Abyss


You were on level 2 of the Orcish Mines.
You worshipped Lugonu.
Lugonu was extremely pleased with you.
You were a hulking beast.
You visited 3 branches of the dungeon, and saw 14 of its levels.
You also visited: Ossuary.

You collected 859 gold pieces.
You spent 408 gold pieces at shops.

Inventory:

Hand Weapons
 v - the +7 long sword of Sighetau (weapon) {spect, Int+3}
   (You found it on level 7 of the Dungeon)

   Int+3:     It affects your intelligence (+3).
 M - a +0 scimitar of flaming
Missiles
 P - a throwing net
Jewellery
 d - a +4 ring of protection (left tentacle)
 u - a ring of magical power (on tentacle)
 y - a ring of positive energy (right tentacle)
 E - a ring of resist corrosion (on tentacle)
 F - a +5 ring of evasion (on tentacle)
 L - a +6 ring of dexterity (on tentacle)
 Q - the ring of Zeilos (on tentacle) {rPois Dex+2 Stlth+}
   (You bought it in a shop on level 11 of the Dungeon)

   [ring of poison resistance]

   Dex+2:     It affects your dexterity (+2).
   rPois:     It protects you from poison Stlth+: It makes you more stealthy.
Talismans
 e - a beast talisman (active)
Wands
 n - a wand of mindburst (7)
 z - a wand of flame (13)
 C - a wand of quicksilver (12)
 G - a wand of digging (10)
 N - a wand of paralysis (8)
Scrolls
 c - a scroll of vulnerability
 f - a scroll of amnesia
 g - 2 scrolls of teleportation
 j - 2 scrolls of immolation
 m - a scroll of fear
 o - a scroll of fog
 q - a scroll of butterflies
 r - a scroll of poison
 s - a scroll of brand weapon
 w - 3 scrolls of enchant armour
 x - a scroll of acquirement {unknown}
 B - a scroll of silence {unknown}
 I - a scroll of blinking
 J - a scroll of torment {unknown}
 O - a scroll of enchant weapon {unknown}
Potions
 a - 2 potions of magic
 b - 4 potions of mutation
 h - 4 potions of haste
 i - a potion of lignification
 k - 4 potions of brilliance
 l - 4 potions of cancellation
 p - 4 potions of curing
 t - a potion of resistance
 A - a potion of attraction
 D - 2 potions of berserk rage
 H - 2 potions of ambrosia
 K - 2 potions of enlightenment {unknown}


   Skills:
 + Level 7.0 Fighting
 - Level 2.3 Long Blades
 + Level 7.0 Dodging
 - Level 4.1 Stealth
 - Level 8.0 Spellcasting
 - Level 3.0 Conjurations
 * Level 5.4 Necromancy
 - Level 5.0 Fire Magic
 - Level 3.0 Air Magic
 - Level 8.0 Alchemy
 + Level 8.7 Invocations


You had 9 spell levels left.
You knew the following spells:

 Your Spells              Type           Power      Damage    Failure   Level
a - Sting                 Conj/Alch      100%       1d9       1%          1
b - Mercury Vapours       Alch/Air       74%        N/A       1%          2
c - Mephitic Cloud        Conj/Alch/Air  33%        N/A       2%          3
d - Olgreb's Toxic Radia  Alch           50%        N/A       2%          4
e - Sticky Flame          Fire/Alch      42%        2d8       4%          4
f - Dispel Undead         Necr           37%        3d15      6%          4

Your spell library contained the following spells:

 Spells                   Type           Power      Damage    Failure   Level
 Kiss of Death            Conj/Necr      100%       2d13      1%          1
 Vampiric Draining        Necr           37%        2d8       1%          3
 Slow                     Hex            40%        N/A       6%          1
 Call Canine Familiar     Summ           10%        N/A       19%         3
 Confusing Touch          Hex            10%        N/A       19%         3
 Sigil of Binding         Hex            10%        N/A       19%         3
 Dimensional Bullseye     Hex/Tloc       5%         N/A       52%         4


Dungeon Overview and Level Annotations

Branches:
Dungeon (11/15)            Temple (1/1) D:4            Lair (0/5) D:9
    Orc (2/2) D:11        Ossuary (visited)
    Elf: Orc:2

Altars:
Ashenzari
Cheibriados
Dithmenos
Elyvilon
Fedhas
Gozag
Hepliaklqana
Kikubaaqudgha
Makhleb
Nemelex Xobeh
Okawaru
Qazlal
Ru
Sif Muna
Trog
Uskayaw
Vehumet
Wu Jian
Xom
Yredelemnul
Zin
The Shining One
Lugonu

Shops:
D:6 *   D:9 (   D:11 =   Orc:1 =

Annotations:
D:11 2 transporters


Innate Abilities, Weirdness & Mutations

You are a hulking beast.
Your limbs bulge with bestial killing power. (Slay +0)
You cannot wear most types of armour.
You are amphibious.
You can wear up to eight rings at the same time.
Your skin changes colour to match your surroundings (Stealth+).
Your rubbery body absorbs attacks. (AC +1, EV +1)
((You are camouflaged when in or above water. (Stealth+)))
You have tentacles for arms and can constrict up to eight enemies at once.


Message History

The orc wizard flickers and vanishes!
Deactivating autopickup; reactivate with Ctrl-A.
Unknown command.
Unknown command.
Unknown command.
You barely miss the troll.
The troll is almost dead.
Your +7 long sword of Sighetau {spect, Int+3} hits the troll but does no damage.
The orc wizard looks even sicker.
You kill the orc!
Lugonu accepts your kill.
The troll looks as sick as possible!
You kill the orc!
Lugonu accepts your kill.
The orc warrior looks even sicker.
You kill the orc!
Lugonu accepts your kill.
Your toxic aura wanes.
The orc warrior barely misses you. The troll misses you. x2
The troll closely misses you.
A magic dart appears from out of thin air!
The magic dart hits you!
An orc wizard comes into view. It is wielding a +3 dagger.
The orc priest calls down the wrath of Beogh upon you.
Beogh smites you!
* * * LOW HITPOINT WARNING * * *
You hear a shout!
Unknown command.
You slash the troll!
You kill the troll!
Lugonu accepts your kill.
The troll leather armour is intact enough to wear.
Your +7 long sword of Sighetau {spect, Int+3} disappears.
You kill the orc wizard!
Lugonu accepts your kill.
The orc warrior hits you from afar with a +0 trident!
* * * LOW HITPOINT WARNING * * *
The orc priest calls down the wrath of Beogh upon you.
Beogh smites you!
You die...

###### ##....##
#......##
.####....#.##
.......<....#
.##........## # .
$...........#.#.o.
.......#...)...)o#
....###...h)......
...# #.#...[o..)..
... ..............
......^......).)..
................
#.........#.....
#.......###....
#.......# ....


You could see an orc warrior (very poisoned), an orc priest (poisoned) and an
orc wizard.

Vanquished Creatures
  Erica (D:9)
  A two-headed ogre (Orc:1)
  A necromancer (D:9)
  Pikel (D:7)
  A kobold demonologist (D:11)
  4 trolls
  A polar bear (D:9)
  3 slime creatures (D:9)
  A shadow (D:10)
  A wyvern (D:10)
  3 wraiths
  10 yaks
  Grum (D:11)
  Menkaure (D:6)
  5 steam dragons
  2 water moccasins
  2 ice beasts
  A sky beast (D:7)
  9 orc warriors
  2 ogres
  3 wolves (D:11)
  6 centaurs
  A kobold brigand (D:8)
  A lemure (D:7)
  Blork the orc (D:6)
  A scorpion (D:4)
  2 bullfrogs (D:8)
  A gnoll sergeant (D:11)
  22 wights
  11 killer bees
  3 howler monkeys (D:9)
  2 vampire bats (D:8)
  11 crimson imps
  A hound (D:6)
  2 jellies
  8 orc priests
  A gnoll bouda (D:5)
  2 sleepcaps
  5 iguanas
  17 orc wizards
  A yak simulacrum (D:9)
  5 polar bear simulacra (D:9)
  A wolf simulacrum (D:9)
  A crocodile zombie (Ossuary)
  11 mummies (Ossuary)
  7 adders
  10 gnolls
  2 river rats (D:9)
  2 white imps (D:7)
  An ufetubus (D:6)
  2 dart slugs
  2 ribbon worms (D:4)
  40 orcs
  8 endoplasms
  13 goblins
  4 hobgoblins
  8 kobolds
  4 quokkas
  7 ball pythons
  6 bats (D:8)
  3 frilled lizards
  A gnoll skeleton (Ossuary)
  A jackal skeleton (D:4)
  A jackal zombie (D:4)
  5 kobold skeletons
  3 orc skeletons (Ossuary)
  4 rats (D:1)
  4 river rat simulacra (D:9)
  10 spectral rats (Ossuary)
319 creatures vanquished.

Vanquished Creatures (collateral kills)
  A killer bee (D:7)
1 creature vanquished.

Vanquished Creatures (others)
  A spectral weapon (Orc:2)
1 creature vanquished.

Grand Total: 321 creatures vanquished

Notes
Turn   | Place    | Note
-------+----------+-------------------------------------------
     0 | D:1      | Aldia the Octopode Alchemist began the quest for the Orb.
     0 | D:1      | Reached XP level 1. HP: 11/11 MP: 3/3
   280 | D:1      | Reached XP level 2. HP: 17/18 MP: 0/5
   283 | D:1      | Learned a level 2 spell: Mercury Vapours
   441 | D:1      | You fall into a shaft and drop 1 floor!
   995 | D:1      | Reached XP level 3. HP: 20/22 MP: 0/6
  1009 | D:1      | Learned a level 3 spell: Mephitic Cloud
  1087 | D:1      | Reached skill level 1 in Fighting
  1261 | D:2      | Found a faded altar of an unknown god.
  1292 | D:2      | Reached skill level 1 in Air Magic
  1926 | D:3      | Reached XP level 4. HP: 27/28 MP: 0/7
  1930 | D:3      | Found a white marble altar of Elyvilon.
  1955 | D:3      | Became a worshipper of Elyvilon the Healer
  2384 | D:3      | Reached XP level 5. HP: 11/34 MP: 2/9
  2835 | D:4      | Found a sand-covered staircase.
  2857 | Ossuary  | Entered an ossuary
  3088 | Ossuary  | Reached XP level 6. HP: 33/39 MP: 10/10
  3423 | Ossuary  | Learned a level 4 spell: Olgreb's Toxic Radiance
  3694 | D:4      | Found a staircase to the Ecumenical Temple.
  3714 | Temple   | Entered the Ecumenical Temple
  3728 | Temple   | Fell from the grace of Elyvilon
  3728 | Temple   | Became a worshipper of Lugonu the Unformed
  3996 | D:4      | Reached XP level 7. HP: 45/45 MP: 9/12
  4134 | D:4      | Found a runed translucent door.
  4134 | D:4      | Noticed a human
  4137 | D:4      | Found a basalt altar of Yredelemnul.
  4236 | D:4      | Reached skill level 5 in Alchemy
  4464 | D:5      | Entered Level 5 of the Dungeon
  4932 | D:5      | Found a shimmering blue altar of Sif Muna.
  4966 | D:5      | Reached skill level 1 in Invocations
  5085 | D:5      | Identified the +3 whip of the Lonely Lives {holy, Fly}
  5403 | D:5      | Found a stormy altar of Qazlal.
  5407 | D:5      | Noticed a water elemental
  5407 | D:5      | Noticed a fire elemental
  5407 | D:5      | Noticed an air elemental
  5633 | D:5      | Found a hazy altar of Hepliaklqana.
  5947 | D:6      | Reached XP level 8. HP: 43/50 MP: 9/14
  5952 | D:6      | Was forgiven by Elyvilon
  5960 | D:6      | Learned a level 4 spell: Sticky Flame
  5987 | D:6      | Found an opulent altar of Gozag.
  6021 | D:6      | Found a glowing silver altar of Zin.
  6095 | D:6      | Found a glowing golden altar of the Shining One.
  6268 | D:6      | Found a hide-covered altar of Uskayaw.
  6362 | D:6      | Found Dypo Zemn's Lightly-Used Armoury.
  6423 | D:6      | Noticed Blork the orc
  6440 | D:6      | Reached * piety under Lugonu
  6631 | D:6      | Killed Blork the orc
  6780 | D:6      | Noticed Menkaure
  6788 | D:6      | Killed Menkaure
  6856 | D:6      | Reached skill level 1 in Fire Magic
  7035 | D:6      | Reached XP level 9. HP: 36/54 MP: 16/16
  7345 | D:6      | Reached skill level 5 in Spellcasting
  7522 | D:7      | Noticed a troll
  7678 | D:7      | HP: 1/52 [sky beast (6)]
  7915 | D:7      | Noticed Pikel
  7921 | D:7      | Killed Pikel
  7922 | D:7      | Reached skill level 5 in Invocations
  8008 | D:7      | Identified the +7 long sword of Sighetau {spect, Int+3}
  8027 | D:7      | Reached skill level 5 in Fire Magic
  8036 | D:7      | Reached ** piety under Lugonu
  8329 | D:7      | Reached XP level 10. HP: 64/64 MP: 13/18
  8494 | D:7      | Found a sparkling altar of Nemelex Xobeh.
  8689 | D:7      | Found a sacrificial altar of Ru.
  8744 | D:7      | Learned a level 4 spell: Dispel Undead
  9094 | D:8      | Reached skill level 5 in Fighting
  9098 | D:8      | Reached skill level 1 in Necromancy
  9285 | D:8      | Reached skill level 1 in Long Blades
  9536 | D:8      | Reached *** piety under Lugonu
  9886 | D:9      | Found a staircase to the Lair.
  9988 | D:9      | Reached skill level 5 in Dodging
 10354 | D:9      | Found a broken altar of Ashenzari.
 10445 | D:9      | Identified the +4 ring mail of the Hippogriff {-Tele rElec
                  | rPois}
 10466 | D:9      | Noticed Erica
 10496 | D:9      | Killed Erica
 10497 | D:9      | Reached XP level 11. HP: 37/72 MP: 21/21
 10797 | D:9      | Found Zaaprom's Antique Weapon Shop.
 10922 | D:9      | Noticed a necromancer
 10933 | D:9      | Killed a necromancer
 11223 | D:10     | Entered Level 10 of the Dungeon
 11249 | D:10     | Reached **** piety under Lugonu
 11548 | D:10     | Found a shimmering altar of Xom.
 11687 | D:10     | Found an iron altar of Okawaru.
 11848 | D:10     | Found a shadowy altar of Dithmenos.
 11862 | D:10     | Found an ornate altar of the Wu Jian Council.
 12070 | D:11     | Found a transporter.
 12072 | D:11     | Found a transporter.
 12073 | D:11     | Noticed a boulder beetle
 12073 | D:11     | Noticed a boulder beetle
 12108 | D:11     | Noticed a boulder beetle
 12162 | D:11     | Reached ***** piety under Lugonu
 12315 | D:11     | Noticed Grum
 12324 | D:11     | Killed Grum
 12529 | D:11     | Reached skill level 5 in Necromancy
 12713 | D:11     | Found Seamac's One-of-a-Kind Rings.
 12722 | D:11     | Bought the ring of Zeilos {rPois Dex+2 Stlth+} for 408 gold
                  | pieces
 12822 | D:11     | Found a staircase to the Orcish Mines.
 12941 | Orc:1    | Entered Level 1 of the Orcish Mines
 12941 | Orc:1    | Found Vootto's Jewellery Emporium.
 13196 | Orc:1    | Noticed a two-headed ogre
 13204 | Orc:1    | Killed a two-headed ogre
 13211 | Orc:1    | Reached XP level 12. HP: 66/81 MP: 15/24
 13419 | Orc:2    | Entered Level 2 of the Orcish Mines
 13430 | Orc:2    | HP: 4/81 [orc warrior/+0 trident (10)]
 13430 | Orc:2    | Killed from afar by an orc priest

Illustrated notes

Levels and vault maps discovered:
D:1:      dpeg_arrival_windows_large_door, layout_loops_ring
D:2:      layout_basic, nicolae_ecumenical_pavilion
D:3:      layout_loops_ring, mainiacjoe_overflow_surrounded_room
D:4:      nicolae_cairo_tiling_large, layout_rooms, dk_yredelemnul_ordeal,
          minmay_temple_entry_large_hall, nicolae_ossuary_entry_monument
D:5:      layout_layer_cave, nicolae_qazlal_style_of_elements,
          mainiacjoe_overflow_concentric_impassable,
          nicolae_hepliaklqana_hazy_memory
D:6:      kennysheep_steamy, layout_loops_corners,
          pdpol_temple_overflow_zin_treasury_gozag_greed,
          mainiacjoe_overflow_chevrons, mainiacjoe_overflow_alcove_1,
          minmay_shop_damaged, uniq_menkaure, uniq_blork_the_orc
D:7:      layout_cave_pools, kennysheep_little_box, lemuel_doored_altar,
          minivault_14, minmay_nine_imps, uniq_pikel
D:8:      layout_basic, roderic_batcave
D:9:      layout_irregular_city, kennysheep_mini_moat, dpeg_oklobed_lair,
          serial_shops, shop, eino_house_with_fridge, uniq_erica
D:10:     layout_big_octagon, nicolae_wu_jian_immortal_techniques,
          okawaru_metal_pillars_1_2, grunt_dithmenos_shadows, led_xom_imps,
          serial_park_tiny_pond
D:11:     gammafunk_boulding_lane, layout_rooms, hiddenorc1_lemuel,
          nicolae_shop_unique_rings, uniq_grum
Temple:   corrupted_temple
Orc:1:    layout_caves, serial_shops, shop
Orc:2:    pf_orc_diabolical, layout_diamond_mine

Skill      XL: |  1  2  3  4  5  6  7  8  9 10 11 |
---------------+----------------------------------+-----
Stealth        | 3 4 |  4.1
Fighting       | 1 2 4 5 7 |  7.0
Air Magic      | 1 2 3 |  3.0
Alchemy        | 4 5 7 8 |  8.0
Spellcasting   | 3 4 5 6 8 |  8.0
Conjurations   | 2 3 |  3.0
Invocations    | 2 3 5 7 8 |  8.7
Dodging        | 4 5 7 |  7.0
Fire Magic     | 2 5 |  5.0
Necromancy     | 3 5 |  5.4
Long Blades    | 2 |  2.3

Action                     |  1- 3 |  4- 6 |  7- 9 | 10-12 || total
---------------------------+-------+-------+-------+-------++-------
  Melee: Dagger            |     7 |    10 |       |       ||    17
         Tentacles         |     2 |    19 |    14 |    53 ||    88
         Constrict         |     1 |    17 |    17 |    33 ||    68
         Unarmed           |       |    15 |       |       ||    15
         Dire flail        |       |    69 |    76 |       ||   145
         Punch             |       |     1 |       |     2 ||     3
         Long sword        |       |       |     5 |   179 ||   184
   Cast: Sting             |    73 |    46 |    59 |       ||   178
         Mercury Vapours   |       |     1 |     5 |       ||     6
         Mephitic Cloud    |       |       |     8 |     7 ||    15
         Sticky Flame      |       |       |    13 |    14 ||    27
         Olgreb's Toxic Ra |       |       |     2 |    29 ||    31
         Dispel Undead     |       |       |       |    11 ||    11
  Evoke: Wand              |       |       |    23 |     1 ||    24
    Use: Scroll            |     5 |     6 |     5 |    10 ||    26
         Potion            |       |     2 |     5 |     4 ||    11
   Stab: Sleeping          |     1 |     7 |     2 |     5 ||    15
         Distracted        |       |       |     1 |     3 ||     4
         Confused          |       |       |     1 |     2 ||     3
 Armour: Skin              |    10 |    65 |    82 |   130 ||   287
  Dodge: Dodged            |    17 |    32 |    93 |   195 ||   337
   Form: Beast             |       |       |     1 |       ||     1
